 Dungeon Crawl Stone Soup version 0.30.1 (webtiles) character file.

Game seed: 3929427065724950091

19944 sakkuzi the Bludgeoner (level 12, -9/162 HPs)
             Began as a Minotaur Berserker on July 12, 2023.
             Was a Priest of Trog.
             Mangled by a spriggan berserker
             ... wielding a +2 antimagic quarterstaff
              (28 damage)
             ... on level 1 of the Swamp.
             The game lasted 00:32:19 (12265 turns).

sakkuzi the Bludgeoner (Minotaur Berserker)        Turns: 12265, Time: 00:32:20

Health: -9/162     AC: 22    Str: 23    XL:     12   Next: 41%
Magic:  0/11       EV:  6    Int: 10    God:    Trog [***...]
Gold:   710        SH:  7    Dex: 14    Spells: 11/11 levels left

rFire   + + .        o - +4 mace (venom)
rCold   . . .        J - +0 kite shield
rNeg    . . .        B - +2 plate armour {rF+}
rPois   .            (helmet restricted)
rElec   .            r - +2 cloak
rCorr   .            I - +1 pair of gloves
SInv    .            (no boots)
Will    +....        l - amulet of the acrobat Stlth
                     g - +6 ring of intelligence
HPRegen 0.47/turn    y - ring of willpower
MPRegen 0.12/turn

%: acrobat
@: berserking, very quick
A: horns 2, retaliatory headbutt, talons 1, fire resistance 1
a: Renounce Religion, Berserk, Trog's Hand


You were on level 1 of the Swamp.
You worshipped Trog.
Trog was most pleased with you.
You visited 3 branches of the dungeon, and saw 11 of its levels.
You also visited: Ossuary.

You collected 710 gold pieces.

Inventory:

Hand Weapons
 m - a +1 mace of draining
 n - a +4 dire flail
 o - a +4 mace of venom (weapon)
Missiles
 k - 15 poisoned darts (quivered)
Armour
 r - a +2 cloak (worn)
 B - a +2 plate armour of fire resistance (worn)
 I - a +1 pair of gloves (worn)
 J - a +0 kite shield (worn)
Jewellery
 g - a +6 ring of intelligence (left hand)
 l - an amulet of the acrobat (around neck)
 w - a ring of ice
 y - a ring of willpower (right hand)
 H - a ring of protection from fire
Wands
 q - a wand of polymorph (10)
 u - a wand of mindburst (26)
 x - a wand of paralysis (13)
 z - a wand of iceblast (26)
 D - a wand of flame (19)
 F - a wand of light (12)
Scrolls
 c - 3 scrolls of poison
 i - 5 scrolls of summoning
 p - 5 scrolls of teleportation
 t - 3 scrolls of brand weapon
 v - 3 scrolls of magic mapping
 C - 2 scrolls of enchant weapon {unknown}
 G - 2 scrolls of torment {unknown}
 K - a scroll of blinking
 L - a scroll of immolation {unknown}
 M - a scroll of fog
Potions
 a - 2 potions of attraction
 b - 5 potions of curing
 d - 3 potions of might {unknown}
 e - 4 potions of degeneration
 f - 6 potions of mutation
 h - a potion of ambrosia
 j - 2 potions of lignification
 s - 4 potions of heal wounds
 A - a potion of invisibility {unknown}
 E - 2 potions of flight


   Skills:
 + Level 10.8 Fighting
 - Level 6.2 Short Blades
 + Level 18.9 Maces & Flails
 + Level 10.4 Armour
 - Level 2.1 Dodging


You had 11 spell levels left.
You didn't know any spells.
Your spell library was empty.

Dungeon Overview and Level Annotations

Branches:
Dungeon (8/15)             Temple (0/1) D:7            Lair (2/5) D:8
  Swamp (1/4) Lair:2      Ossuary (visited)
  Snake: Lair:2-3    Spider: Lair:2-3

Altars:
Cheibriados
Dithmenos
Gozag
Hepliaklqana
Nemelex Xobeh
Sif Muna
Uskayaw
Vehumet
Wu Jian
Yredelemnul
The Shining One

Shops:
D:3 !

Annotations:
D:6 2 transporters


Innate Abilities, Weirdness & Mutations

You have a pair of horns on your head.
You reflexively headbutt those who attack you in melee.
You have sharp toenails.
Your flesh is heat resistant. (rF+)


Message History

The spriggan berserker is lightly wounded.
You block the spriggan rider's attack.
You miss the spriggan berserker. You claw the spriggan berserker.
The spriggan berserker is lightly wounded.
The spriggan berserker hits you with a +2 antimagic quarterstaff!!
You feel your power leaking away.
The spriggan rider hits you from afar with a +2 spear of freezing!
The spriggan rider freezes you.
You barely miss the spriggan berserker.
The spriggan berserker is lightly wounded.
The spriggan berserker hits you with a +2 antimagic quarterstaff!!
The spriggan rider hits you from afar with a +0 spear!
* * * LOW HITPOINT WARNING * * *
You miss the spriggan berserker.
Your kick misses the spriggan berserker.
Your headbutt misses the spriggan berserker.
The spriggan berserker is lightly wounded.
The spriggan rider hits you from afar with a +2 spear of freezing.
* * * LOW HITPOINT WARNING * * *
The spriggan rider freezes you.
* * * LOW HITPOINT WARNING * * *
The spriggan berserker hits you with a +2 antimagic quarterstaff.
* * * LOW HITPOINT WARNING * * *
You hit the spriggan berserker.
The spriggan berserker looks as sick as possible!
Your kick misses the spriggan berserker.
The spriggan berserker is lightly wounded.
The spriggan rider hits you from afar with a +0 spear!
* * * LOW HITPOINT WARNING * * *
You block the spriggan berserker's attack.
You hit the spriggan berserker.
The spriggan berserker looks as sick as possible!
You claw the spriggan berserker! You headbutt the spriggan berserker!
The spriggan berserker is heavily wounded.
The spriggan rider hits you from afar with a +2 spear of freezing!
* * * LOW HITPOINT WARNING * * *
The spriggan rider freezes you.
* * * LOW HITPOINT WARNING * * *
The spriggan berserker hits you with a +2 antimagic quarterstaff!!
You die...

.~♣ ♣~~..
..♣♣..~~ .~
♣♣~♣~...♣♣...
♣♣......~♣~...
♣~)~~~~...~...
~..~~...~§..
♣.ii......♣
♣♣~i~~~...♣
♣..@.~~♣.~♣
♣.....~♣
♣♣♣♣♣♣♣♣


You could see 2 spriggan riders and a spriggan berserker (berserk, extremely
poisoned).

Vanquished Creatures
  2 hydras (Lair:2)
  A boulder beetle (Lair:1)
  A two-headed ogre (D:8)
  A death yak (Lair:2)
  Pikel (D:5)
  7 elephants
  2 black mambas
  8 cane toads
  6 komodo dragons
  A rime drake (Lair:2)
  A tyrant leech (Lair:2)
  Grinder (D:4)
  5 blink frogs
  Sigmund (D:2)
  A dream sheep (Lair:2)
  21 yaks
  A basilisk (D:8)
  Eustachio (D:6)
  A wyvern (D:8)
  2 steam dragons
  Menkaure (D:5)
  A swamp worm (Lair:2)
  8 water moccasins
  2 black bears
  Duvessa (D:5)
  An orc warrior (D:6)
  A sky beast (D:7)
  3 ice beasts
  2 ogres
  A centaur (D:7)
  A lemure (D:5)
  A kobold brigand (D:8)
  7 bullfrogs
  2 water moccasin zombies (Ossuary)
  A scorpion (D:5)
  5 wights (D:7)
  Dowan (D:5)
  4 killer bees (D:8)
  2 howler monkeys (D:6)
  4 hounds
  2 jellies
  2 orc priests (D:6)
  A gnoll bouda (D:6)
  5 iguanas
  2 sleepcaps
  Jessica (D:2)
  3 orc wizards
  3 mummies
  Robin (D:3)
  4 gnolls (D:4)
  6 adders
  A white imp (D:4)
  2 ufetubi (D:7)
  7 adder zombies (Ossuary)
  2 dart slugs
  15 orcs
  7 endoplasms
  2 giant cockroaches
  4 gnoll zombies (Ossuary)
  13 goblins
  10 hobgoblins
  9 jackals
  3 quokkas
  9 ball pythons
  5 bats
  A frilled lizard (D:3)
  4 hobgoblin zombies (Ossuary)
  12 kobolds
  3 kobold zombies (Ossuary)
  3 orc zombies (Ossuary)
  3 rats (D:2)
259 creatures vanquished.

Notes
Turn   | Place    | Note
-------+----------+-------------------------------------------
     0 | D:1      | sakkuzi the Minotaur Berserker began the quest for the Orb.
     0 | D:1      | Reached XP level 1. HP: 19/19 MP: 0/0
    75 | D:1      | Reached skill level 1 in Short Blades
   238 | D:1      | Reached XP level 2. HP: 25/26 MP: 1/1
   810 | D:2      | Noticed Jessica
   822 | D:2      | Killed Jessica
   823 | D:2      | Reached XP level 3. HP: 31/31 MP: 2/2
  1359 | D:2      | Noticed Sigmund
  1371 | D:2      | Killed Sigmund
  1372 | D:2      | Reached XP level 4. HP: 22/39 MP: 3/3
  1372 | D:2      | Reached XP level 5. HP: 25/45 MP: 4/4
  1521 | D:2      | Reached ** piety under Trog
  1891 | D:2      | Found a faded altar of an unknown god.
  2151 | D:3      | Noticed Robin
  2164 | D:3      | Killed Robin
  2169 | D:3      | Reached skill level 4 in Maces & Flails
  2282 | D:3      | Found Fysus's Distillery.
  2298 | D:3      | Reached XP level 6. HP: 49/51 MP: 5/5
  2800 | D:4      | Reached skill level 5 in Maces & Flails
  2823 | D:4      | Found an ornate altar of the Wu Jian Council.
  2958 | D:4      | Reached skill level 6 in Maces & Flails
  2986 | D:4      | Reached *** piety under Trog
  3065 | D:4      | Noticed Grinder
  3095 | D:4      | Paralysed by Grinder for 5 turns
  3114 | D:4      | Killed Grinder
  3115 | D:4      | Reached skill level 7 in Maces & Flails
  3115 | D:4      | Reached XP level 7. HP: 42/57 MP: 6/6
  3615 | D:4      | Gained mutation: You occasionally lose the ability to drink
                  | potions when taking damage. [potion of mutation]
  3615 | D:4      | Lost mutation: You occasionally lose the ability to drink
                  | potions when taking damage. [potion of mutation]
  3615 | D:4      | Gained mutation: Your flesh is heat resistant. (rF+)
                  | [potion of mutation]
  3615 | D:4      | Gained mutation: You have sharp toenails. [potion of
                  | mutation]
  3621 | D:5      | Entered Level 5 of the Dungeon
  3666 | D:5      | Noticed Menkaure
  3678 | D:5      | Killed Menkaure
  3679 | D:5      | Reached skill level 8 in Maces & Flails
  3812 | D:5      | Reached skill level 9 in Maces & Flails
  3827 | D:5      | Reached XP level 8. HP: 58/64 MP: 7/7
  3849 | D:5      | Found a hide-covered altar of Uskayaw.
  3849 | D:5      | Noticed Dowan
  3850 | D:5      | Noticed Duvessa
  3861 | D:5      | Killed Duvessa
  3864 | D:5      | Killed Dowan
  4038 | D:5      | Noticed Pikel
  4054 | D:5      | Killed Pikel
  4055 | D:5      | Reached skill level 11 in Maces & Flails
  4243 | D:5      | Found a snail-covered altar of Cheibriados.
  4307 | D:6      | Noticed Eustachio
  4320 | D:6      | Killed Eustachio
  4321 | D:6      | Reached skill level 12 in Maces & Flails
  4439 | D:6      | Reached XP level 9. HP: 64/70 MP: 8/8
  4471 | D:6      | Reached skill level 13 in Maces & Flails
  4788 | D:6      | Found a transporter.
  4985 | D:6      | Found a glowing golden altar of the Shining One.
  4987 | D:6      | Noticed an angel
  5010 | D:6      | Found a basalt altar of Yredelemnul.
  5040 | D:6      | Found a transporter.
  5339 | D:7      | Reached skill level 14 in Maces & Flails
  5666 | D:7      | Reached **** piety under Trog
  5667 | D:7      | Reached skill level 15 in Maces & Flails
  5842 | D:7      | Found a staircase to the Ecumenical Temple.
  6034 | D:7      | Reached XP level 10. HP: 77/77 MP: 9/9
  6367 | D:8      | Noticed an elephant
  6368 | D:8      | Found a staircase to the Lair.
  6398 | D:8      | Killed an elephant
  6399 | D:8      | Reached skill level 16 in Maces & Flails
  6678 | D:8      | Found a sparkling altar of Nemelex Xobeh.
  6689 | D:8      | Found a sand-covered staircase.
  6694 | Ossuary  | Entered an ossuary
  6994 | D:8      | Noticed a two-headed ogre
  6995 | D:8      | Found a shadowy altar of Dithmenos.
  7003 | D:8      | Killed a two-headed ogre
  7004 | D:8      | Reached skill level 5 in Fighting
  7058 | D:8      | Found an opulent altar of Gozag.
  7068 | D:8      | Found a shimmering blue altar of Sif Muna.
  7128 | D:8      | Found a hazy altar of Hepliaklqana.
  7333 | Lair:1   | Entered Level 1 of the Lair of Beasts
  7333 | Lair:1   | Noticed a black mamba
  7344 | Lair:1   | Killed a black mamba
  7345 | Lair:1   | Reached skill level 5 in Armour
  7348 | Lair:1   | Reached skill level 17 in Maces & Flails
  7740 | Lair:1   | Noticed a cane toad
  7750 | Lair:1   | Killed a cane toad
  7801 | Lair:1   | Reached XP level 11. HP: 74/91 MP: 10/10
  8844 | Lair:1   | Noticed a boulder beetle
  8852 | Lair:1   | Killed a boulder beetle
  9765 | Lair:2   | Reached skill level 18 in Maces & Flails
  9769 | Lair:2   | Found a radiant altar of Vehumet.
 10153 | Lair:2   | Noticed an eight-headed hydra
 10175 | Lair:2   | Killed an eight-headed hydra
 10753 | Lair:2   | Noticed a death yak
 10763 | Lair:2   | Killed a death yak
 10764 | Lair:2   | Reached XP level 12. HP: 106/106 MP: 11/11
 10955 | Lair:2   | Reached skill level 10 in Fighting
 11230 | Lair:2   | Reached skill level 10 in Armour
 11320 | Lair:2   | Found a staircase to the Swamp.
 11791 | Lair:2   | Noticed a seven-headed hydra
 11797 | Lair:2   | Killed a seven-headed hydra
 12248 | Swamp:1  | Entered Level 1 of the Swamp
 12265 | Swamp:1  | Mangled by a spriggan berserker

Illustrated notes

Levels and vault maps discovered:
D:1:      giann_forest_graveyard, layout_rooms
D:2:      layout_loops_ring, shapermc_ecumenical_altar_mp_vishouse,
          uniq_sigmund, uniq_jessica
D:3:      layout_loops_ring, serial_shops, nicolae_shop_industrial_runoff,
          uniq_robin
D:4:      layout_cave_pools, mainiacjoe_overflow_catwalk, uniq_grinder
D:5:      layout_rooms, chei_slow_surprise, mainiacjoe_overflow_alcove_1,
          uniq_pikel, uniq_duvessa, uniq_menkaure
D:6:      gammafunk_steamed_eel, layout_cave_pools,
          grunt_temple_overflow_holy_war, grunt_decor_clamped,
          minmay_fractal_squares_diagonal_5, uniq_eustachio
D:7:      layout_rooms, minmay_temple_entry_tees, serial_co_window_serial,
          co_window_cross_1, co_window_of_opportunity_a, co_window_corner_a,
          co_window_corner_a, co_window_paths_a, co_window_broadway_a,
          co_window_broadway_b, co_window_corner_ca, co_window_2corner,
          co_window_broadway_c, co_window_corner_b, co_window_corner_b,
          glass_columns_a, glass_columns_c, glass_columns_a
D:8:      layout_gridville, worldfamousw_hep_ancestral_shrine,
          nicolae_overflow_quartered_altars, david_lair_generic,
          nicolae_ossuary_entry_false_entrances, due_unseen_surprise
Lair:1:   layout_misc_corridors, gauntlet_entry_generic,
          cheibrodos_lair_reptile_den
Lair:2:   layout_layer_cave, minmay_swamp_entry_worms, basic_altar,
          minmay_shattered_shrine
Swamp:1:  layout_basic_swamp, nicolae_swamp_ascending_descending_big,
          uniq_josephine

Skill      XL: |  1  2  3  4  5  6  7  8  9 10 11 12 |
---------------+-------------------------------------+-----
Short Blades   | 1 3 6 |  6.2
Maces & Flails | 4 7 9 12 15 17 18 | 18.9
Fighting       | 6 9 10 | 10.8
Armour         | 6 9 10 | 10.4
Dodging        | |  2.1

Action                     |  1- 3 |  4- 6 |  7- 9 | 10-12 || total
---------------------------+-------+-------+-------+-------++-------
  Melee: Dagger            |    65 |    27 |       |       ||    92
         Headbutt          |     5 |    21 |    28 |    95 ||   149
         Punch             |     1 |     1 |     2 |     3 ||     7
         Mace              |       |    70 |   195 |   371 ||   636
         Kick              |       |       |    50 |   129 ||   179
 Invoke: Berserk           |     2 |     1 |     7 |    20 ||    30
    Use: Scroll            |     6 |     4 |     5 |     5 ||    20
         Potion            |       |       |     2 |       ||     2
   Stab: Sleeping          |       |     1 |       |       ||     1
 Armour: Animal skin       |     8 |     5 |       |       ||    13
         Ring mail         |       |    29 |    46 |       ||    75
         Leather armour    |       |     2 |       |       ||     2
         Plate armour      |       |       |    36 |   145 ||   181
  Dodge: Dodged            |    33 |    74 |   108 |   105 ||   320
  Block: Kite shield       |       |       |       |    39 ||    39
